 Dungeon Crawl Stone Soup version 0.31-a0-236-g9a0961fb85 (webtiles) character file.

Game seed: 10122036337222248130

91 qw the Shooter (level 4, 0/36 HPs)
             Began as a Minotaur Hexslinger on July 10, 2023.
             Slain by a goblin
             ... wielding a +0 club
             ... led by Robin
              (4 damage)
             ... on level 3 of the Dungeon.
             The game lasted 00:00:36 (1245 turns).

qw the Shooter (Minotaur Hexslinger)                Turns: 1245, Time: 00:00:37

Health: 0/36       AC:  6    Str: 12 (13) XL:     4   Next: 33%
Magic:  4/4        EV: 10    Int:  8 (10) God:
Gold:   100        SH:  0    Dex: 11 (14) Spells: 4/5 levels left

rFire   . . .        Y - +1 sling (flame)
rCold   . . .        (no shield)
rNeg    . . .        b - +0 ring mail
rPois   .            (helmet restricted)
rElec   .            (no cloak)
rCorr   .            h - +0 pair of gloves
SInv    .            (no boots)
Will    .....        (no amulet)
Stlth   +            (no ring)
HPRegen 0.26/turn    (no ring)
MPRegen 0.09/turn

%: no passive effects
@: no status effects
A: horns 2, retaliatory headbutt
a: no special abilities


You were on level 3 of the Dungeon.
You visited 1 branch of the dungeon, and saw 3 of its levels.

You collected 100 gold pieces.


Innate Abilities, Weirdness & Mutations

You have a pair of horns on your head.
You reflexively headbutt those who attack you in melee.


   Skills:
 - Level 2.0 Fighting
 + Level 4.7 Ranged Weapons
 - Level 1.0 Armour
 - Level 2.1 Dodging
 - Level 1.0 Spellcasting
 - Level 2.0 Hexes


You had 4 spell levels left.
You knew the following spells:

 Your Spells              Type           Power      Damage    Failure   Level
a - Slow                  Hex            12%        N/A       36%         1

Your spell library contained the following spells:

 Spells                   Type           Power      Damage    Failure   Level
 Inner Flame              Hex/Fire       2%         N/A       87%         3
 Portal Projectile        Hex/Tloc       4%         N/A       87%         3
 Cause Fear               Hex            1%         N/A       98%         4

Inventory:

Hand Weapons
 Y - a +1 sling of flaming (weapon)
Armour
 b - a +0 ring mail (worn)
 h - a +0 pair of gloves (worn)
Scrolls
 a - 2 scrolls of identify
 c - a scroll of revelation {unknown}

Dungeon Overview and Level Annotations

Branches:
Dungeon (3/15)

Altars:


Message History

You feel your strength returning.
You shoot a sling bullet.
The sling bullet closely misses the goblin.
The goblin barely misses you.
The goblin hits you but does no damage. x3
The hobgoblin misses you. You furiously retaliate!
You headbutt the hobgoblin!
You kill the hobgoblin!
The goblin hits you but does no damage. x2
The goblin hits you with a +0 dagger. The goblin barely misses you.
The goblin hits you but does no damage. The goblin barely misses you.
The goblin hits you with a +0 club.
You shoot a sling bullet.
The sling bullet barely misses the goblin.
The goblin misses you. The goblin closely misses you. You furiously retaliate!
You headbutt the goblin. The goblin hits you but does no damage.
The goblin hits you with a +0 dagger. The goblin hits you with a +0 club.
The goblin hits you with a +0 dagger.
You shoot a sling bullet.
The sling bullet closely misses the goblin.
The goblin hits you with a +0 dagger.
The goblin hits you but does no damage. x3
The goblin barely misses you. The goblin hits you with a +0 dagger.
You shoot a sling bullet. The sling bullet hits the goblin.
The sling bullet burns the goblin.
You kill the goblin!
The goblin closely misses you. The goblin hits you but does no damage.
The goblin closely misses you. The goblin barely misses you.
You furiously retaliate!
You headbutt the goblin.
You kill the goblin!
The goblin hits you but does no damage. x3
You shoot a sling bullet. The sling bullet hits the goblin.
The sling bullet burns the goblin.
The goblin is severely wounded.
The goblin hits you but does no damage. The goblin closely misses you.
You furiously retaliate!
You headbutt the goblin.
You kill the goblin!
The goblin misses you. You furiously retaliate!
You headbutt the goblin!
You kill the goblin!
The goblin hits you with a +0 dagger. The goblin hits you but does no damage.
The goblin misses you. The goblin hits you with a +0 dagger.
The goblin hits you with a +0 club.
You die...

###
####################..
............)........
#.......######.......
#.......# #.......
#.......# #.......
+..)gg..# #...##..
#..g@)..# #...##..
##..g)g..########.....
..))....................
..#######.#########.....
. #.# ......# #.#
..#.... #.# #.# #+#


You could see a hobgoblin and 4 goblins.

Vanquished Creatures
  Robin (D:3)
  2 adders (D:2)
  A worm (D:3)
  5 orcs (D:3)
  6 bats (D:1)
  3 endoplasms (D:1)
  5 giant cockroaches
  7 goblins
  6 hobgoblins
  A quokka (D:1)
  A ball python (D:1)
  3 frilled lizards (D:2)
  4 kobolds
  9 rats
54 creatures vanquished.

Notes
Turn   | Place    | Note
-------+----------+-------------------------------------------
     0 | D:1      | qw the Minotaur Hexslinger began the quest for the Orb.
     0 | D:1      | Reached XP level 1. HP: 16/16 MP: 1/1
     0 | D:1      | 0 ||| qw: Version: 0.3-a-52-g30416fa
     0 | D:1      | 0 ||| qw: Game counter: 4645
     0 | D:1      | 0 ||| qw: Melee chars always use a shield: true
     0 | D:1      | 0 ||| qw: God list: Okawaru
     0 | D:1      | 0 ||| qw: Allow faded altars: false
     0 | D:1      | 0 ||| qw: Do Orc after clearing Dungeon:15 true
     0 | D:1      | 0 ||| qw: Do second Lair branch before Depths: true
     0 | D:1      | 0 ||| qw: Lair rune preference: random
     0 | D:1      | 0 ||| qw: Goals: Normal
     0 | D:1      | 0 ||| PLANNING D:1-11
    80 | D:1      | Reached skill level 3 in Ranged Weapons
    80 | D:1      | Reached XP level 2. HP: 23/23 MP: 2/2
   237 | D:1      | Found a faded altar of an unknown god.
   524 | D:1      | Reached XP level 3. HP: 29/29 MP: 3/3
   560 | D:1      | 560 ||| UPGRADING to +0 pair of gloves.
   565 | D:1      | 565 ||| READING 2 scrolls labelled OGOHER SEVY.
   566 | D:1      | 566 ||| READING scroll labelled JAEH TUEMYM.
   567 | D:1      | 567 ||| READING scroll labelled MUM IPROLUUMUO.
   568 | D:1      | 568 ||| DRINKING 2 sedimented green potions.
   569 | D:1      | 569 ||| DROPPING scroll of poison.
   570 | D:1      | 570 ||| DROPPING potion of degeneration.
   706 | D:2      | Reached skill level 4 in Ranged Weapons
  1112 | D:2      | 1112 ||| UPGRADING to +0 ring mail.
  1122 | D:2      | 1122 ||| DROPPING +0 robe.
  1224 | D:3      | Reached skill level 1 in Armour
  1224 | D:3      | Reached XP level 4. HP: 36/36 MP: 4/4
  1225 | D:3      | Noticed Robin
  1240 | D:3      | Killed Robin
  1243 | D:3      | HP: 6/36 [goblin/+0 dagger[Robin] (4)]
  1245 | D:3      | Slain by a goblin

Levels and vault maps discovered:
D:1:      dpeg_arrival_ratfight, layout_basic, shapermc_ecumenical_altar_ellora
D:2:      layout_basic
D:3:      minmay_inner_zag, layout_basic, uniq_robin, uniq_grinder

Skill      XL: |  1  2  3 |
---------------+----------+-----
Ranged Weapons | 3 4 |  4.7
Fighting       | 2 |  2.0
Armour         | 1 |  1.0
Dodging        | |  2.1
Spellcasting   | |  1.0
Hexes          | |  2.0

Action                     |  1- 3 |  4- 6 || total
---------------------------+-------+-------++-------
   Fire: Sling             |   134 |    22 ||   156
    Use: Scroll            |     3 |       ||     3
         Potion            |     1 |       ||     1
 Armour: Robe              |    13 |       ||    13
         Ring mail         |     1 |    34 ||    35
  Dodge: Dodged            |    32 |    38 ||    70

Table legend:
 A = Non-vault XP
 B = Vault XP
 C = Vault XP percentage of total XP
 D = Non-vault monster count
 E = Vault monster count
 F = Vault count percentage of total count
                 A         B        C        D         E       F
            +---------+---------+-------+---------+---------+-------
      Total |     100 |      34 |  25.4 |      41 |      13 |  24.1
            +---------+---------+-------+---------+---------+-------
        D:1 |      37 |       5 |  11.9 |      22 |       5 |  18.5
        D:2 |      43 |       0 |   0.0 |      13 |       0 |   0.0
        D:3 |      20 |      29 |  59.2 |       6 |       8 |  57.1
            +---------+---------+-------+---------+---------+-------
